 Dungeon Crawl Stone Soup version 0.14-a0-242-g0d450b6 (webtiles) character file.

11828 PolkaDot the Harbinger of Death (level 11, -3/115 HPs)
             Began as a Troll Death Knight on Oct 13, 2013.
             Was a High Priest of Yredelemnul.
             Slain by a tentacled starspawn (25 damage)
             ... on Level 1 of the Abyss.
             The game lasted 00:57:26 (8347 turns).

PolkaDot the Harbinger of Death (TrDK)              Turns: 8347, Time: 00:57:28

HP  -3/115       AC  6     Str 22 (23) XL: 11   Next: 42%
MP  22/22        EV 17     Int  9 (10) God: Yredelemnul [*****.]
Gold 946         SH  0     Dex 20      Spells:  0 memorised, 10 levels left

Res.Fire  : . . .   See Invis. : .     - Unarmed
Res.Cold  : . . .   Warding    : .   b - +0 robe
Life Prot.: . . .   Conserve   : .   (shield restricted)
Res.Poison: .       Res.Corr.  : .   q - +1 wizard hat {Int+3}
Res.Elec. : .       Clarity    : .   d - +0 cloak
Sust.Abil.: . .     Spirit.Shd : .   (gloves unavailable)
Res.Mut.  : .       Stasis     : .   (boots unavailable)
Res.Rott. : .       Flight     : .   U - amulet of faith
Gourmand  : +                        t - +3 ring of dexterity
                                     s - ring of sustenance

@: about to teleport, agile, very slightly contaminated, constricted, somewhat
resistant to hostile enchantments, stealthy
A: unfitting armour, claws 3, carnivore 1, deformed body, deterioration 1, fast
metabolism 3, gourmand, regeneration 2, +10% hp, saprovore 2, screaming 1, tough
skin 2, AC +1
a: Animate Dead, Recall Undead Slaves, Injury Mirror, Drain Life, Enslave Soul,
Renounce Religion


You were on level 1 of the Abyss.
You worshipped Yredelemnul.
Yredelemnul was extremely pleased with you.
You were very full.

You visited 1 branch of the dungeon, and saw 12 of its levels.
You visited the Abyss 1 time.
You also visited: Sewer.

You collected 926 gold pieces.

Inventory:

Armour
 b - a +0 robe (worn)
 d - a +0 cloak (worn)
 q - a +1 wizard hat of intelligence (worn)
Magical devices
 y - a wand of disintegration (12)
 C - a wand of disintegration (5)
 J - a wand of flame (8)
 O - a wand of draining (5)
 T - a wand of hasting (4)
Comestibles
 a - 2 meat rations
 m - 4 bread rations
 r - 4 apples
 w - 2 pears
 x - 4 chokos
 z - 2 apricots
 N - a snozzcumber
Scrolls
 c - a scroll of curse armour
 f - a scroll of teleportation
 g - 2 scrolls of curse weapon {unknown}
 h - a scroll of fog
 i - 10 scrolls of remove curse {unknown}
 n - 2 scrolls of amnesia
 o - 2 scrolls of noise
 p - a scroll of blinking {unknown}
 u - 2 scrolls of enchant weapon I
 D - a scroll of vulnerability {unknown}
 E - a scroll of enchant armour {unknown}
 F - a scroll of enchant weapon III
 G - 3 scrolls of identify
 H - 2 scrolls of curse jewellery {unknown}
 I - a scroll of fear {unknown}
 L - a scroll of summoning {unknown}
 P - a scroll of enchant weapon II {unknown}
 Q - a scroll of acquirement
Jewellery
 s - a ring of sustenance (left claw)
 t - a +3 ring of dexterity (right claw)
 v - an uncursed ring of protection from cold
 R - a cursed ring of positive energy
 U - an amulet of faith (around neck)
Potions
 e - 4 potions of curing
 j - a potion of invisibility
 l - 2 potions of resistance
 A - 2 potions of brilliance
 B - a potion of might
 K - 2 potions of restore abilities
 S - a potion of agility


   Skills:
 + Level 7.4 Fighting
 * Level 3.3 Dodging
 + Level 10.4 Unarmed Combat
 + Level 11.0 Invocations


You had 10 spell levels left.
You didn't know any spells.

Dungeon Overview and Level Annotations

Branches:
Dungeon (12/27)            Temple (0/1) D:5             Orc (0/4) D:7
   Lair (0/8) D:10

Altars:
Fedhas
Makhleb
Okawaru
Vehumet

Annotations:
D:11 Nergalle
D:12 Psyche


Innate Abilities, Weirdness & Mutations

You are too large for most types of armour.
You have claws for hands.
Your metabolism is lightning-fast.
You like to eat raw meat.
You heal very quickly.
You can eat rotten meat.
You are covered in fur (AC +1).
You have very tough skin (AC +2).
Your digestive system is specialised to digest meat.
Armour fits poorly on your strangely shaped body.
Your body is slowly deteriorating.
You are robust (+10% HP).
You occasionally shout uncontrollably.


Message History

The starspawn tentacle completely misses you.
The starspawn tentacle grabs you. The starspawn tentacle constricts you.
You escape the starspawn tentacle's grasp.
The starspawn tentacle grabs you. The starspawn tentacle constricts you.
The tentacle pulls you backwards!
Drink which item? (? for menu, Esc to quit)
You feel more agile all of a sudden. The starspawn tentacle constricts you.
The ancient zyme hits you! The ancient zyme hits you!
* * * LOW HITPOINT WARNING * * *
Drink which item? (? for menu, Esc to quit)
You feel better. The starspawn tentacle constricts you.
The ancient zyme hits you.
* * * LOW HITPOINT WARNING * * *
The ancient zyme hits you!
* * * LOW HITPOINT WARNING * * *
You feel yourself growing ill in the presence of the ancient zyme.
The tentacled starspawn bites you!
You die...
Your body rises from the dead as a mindless zombie.

...... . #.#.. '# #...
#... #..## ##.... #
##..## #... ...#
.#####....###..........
............'....... .
.
#.....Xw.###.........#
#...#w@#.# ##.#......#
#......x.# ##... .#
#.....#### #. L.. #
#..... ...##'## ###.#.
##..# .## # # #.## #.
... .L. # ## #.. # #.
##...# # ##.... ###


You could see a tentacled starspawn, an ancient zyme and 2 starspawn tentacles.

Vanquished Creatures
  2 hill giants (D:10)
  A feature mimic (D:12)
  A troll (D:12)
  3 yaks (D:12)
  2 flying skulls (Abyss:1)
  A wyvern (D:8)
  2 manticores
  3 orc warriors
  3 ogres
  A centaur (D:5)
  2 black bears
  4 ice beasts
  2 sky beasts
  A phantom (D:6)
  3 boring beetles (D:10)
  5 giant frogs
  Blork the orc (D:9)
  A komodo dragon zombie (D:12)
  4 big kobolds
  A water moccasin (D:12)
  13 killer bees
  3 wights (D:8)
  2 yak skeletons (D:7)
  4 crimson imps
  3 hounds
  9 orc priests
  A black bear zombie (D:8)
  2 giant frog zombies
  2 centaur zombies
  Crazy Yiuf (D:3)
  A big fish (Sewer)
  4 scorpions
  4 worker ants
  5 orc wizards
  3 spectral orcs (D:11)
  A killer bee zombie (D:6)
  4 iguanas
  An ogre zombie (D:7)
  A hound skeleton (D:5)
  A mummy (D:12)
  6 gnolls
  5 adders
  2 green rats (Sewer)
  A giant centipede (D:7)
  4 giant mites
  5 worms
  An adder zombie (D:7)
  2 grey rats (Sewer)
  2 giant eyeballs
  7 giant geckos
  2 oozes
  42 orcs
  12 bats
  7 giant cockroaches
  38 hobgoblins
  7 jackals
  5 quokkas
  A ball python (D:2)
  5 giant newts
  21 goblins
  10 kobolds
  An orc skeleton (D:10)
  11 rats
305 creatures vanquished.

Vanquished Creatures (collateral kills)
  Gastronok (D:9)
  The ghost of dsn the Cleaver, a powerful LOFi of Makhleb (D:11)
  Urug (D:12)
  A hill giant (D:11)
  2 hippogriffs
  A manticore (D:10)
  3 sky beasts
  An ice beast (D:11)
  12 killer bees
  3 ogres
  A phantom (D:5)
  2 orc warriors (D:9)
  3 centaurs
  A boring beetle (D:10)
  2 big kobolds
  A water moccasin (D:11)
  A giant frog (D:9)
  A troll zombie (D:10)
  A jelly (D:9)
  2 crimson imps
  A giant frog skeleton (D:5)
  5 orc priests
  8 orc wizards
  10 spectral orcs (D:11)
  4 worker ants
  2 iguanas
  A two-headed ogre skeleton (D:10)
  A scorpion (D:12)
  A big kobold zombie (D:9)
  3 adders
  4 gnolls
  A worm (D:5)
  An adder zombie (D:9)
  An adder skeleton (D:4)
  A giant gecko (D:5)
  18 orcs
  12 hobgoblins
  8 kobolds
  7 bats
  3 giant cockroaches
  A giant gecko zombie (D:8)
  A giant newt (D:5)
  9 goblins
  3 jackals
  4 rats
  A rat skeleton (D:5)
  A rat zombie (D:5)
153 creatures vanquished.

Vanquished Creatures (others)
  A flying skull (D:8)
  A wight (D:8)
  A killer bee zombie (D:7)
  A mummy (D:8)
  A giant frog zombie (D:12)
  A worm zombie (D:4)
  An adder zombie (D:4)
  2 bat zombies
  A gnoll zombie (D:7)
  A giant cockroach zombie (D:4)
  A giant gecko zombie (D:4)
  A giant newt zombie (D:4)
  4 goblin zombies (D:4)
  2 hobgoblin skeletons (D:4)
  6 hobgoblin zombies (D:4)
  A jackal zombie (D:8)
  8 orc zombies
  A quokka zombie (D:4)
  39 starspawn tentacle segments (Abyss:1)
74 creatures vanquished.

Grand Total: 532 creatures vanquished

Notes
Turn   | Place    | Note
--------------------------------------------------------------
     0 | D:1      | PolkaDot, the Troll Death Knight, began the quest for the Orb.
     0 | D:1      | Reached XP level 1. HP: 20/20 MP: 2/2
   216 | D:1      | Reached XP level 2. HP: 28/28 MP: 2/2
   355 | D:1      | Reached skill level 3 in Unarmed Combat
   458 | D:1      | Acquired Yredelemnul's second power
   691 | D:2      | Reached XP level 3. HP: 35/35 MP: 4/4
  1276 | D:3      | Reached skill level 4 in Unarmed Combat
  1412 | D:3      | Reached XP level 4. HP: 38/42 MP: 4/4
  1442 | D:3      | Noticed Crazy Yiuf
  1445 | D:3      | Killed Crazy Yiuf
  1748 | D:4      | Reached skill level 5 in Unarmed Combat
  1772 | D:4      | Paralysed by a giant eyeball for 4 turns
  1785 | D:4      | Acquired Yredelemnul's third power
  1910 | D:4      | Reached XP level 5. HP: 47/49 MP: 5/5
  2038 | D:4      | Gained mutation: Armour fits poorly on your strangely shaped body. [potion of mutation]
  2038 | D:4      | Gained mutation: You occasionally shout uncontrollably. [potion of mutation]
  2038 | D:4      | Gained mutation: Your digestive system is specialised to digest meat. [potion of mutation]
  2219 | D:4      | Noticed an ogre
  2225 | D:4      | Killed an ogre
  2225 | D:4      | Reached XP level 6. HP: 39/58 MP: 4/7
  2496 | D:4      | Received a gift from Yredelemnul
  2506 | D:4      | Noticed a big kobold
  2510 | D:4      | Noticed a big kobold
  2512 | D:4      | Killed a big kobold
  2512 | D:4      | Reached skill level 6 in Unarmed Combat
  2513 | D:4      | Noticed a big kobold
  2515 | D:4      | Killed a big kobold
  2520 | D:4      | Killed a big kobold
  2553 | D:4      | Reached XP level 7. HP: 46/66 MP: 8/8
  2857 | D:5      | Entered Level 5 of the Dungeon
  2879 | D:5      | Acquired Yredelemnul's fourth power
  2883 | D:5      | Reached skill level 5 in Invocations
  2924 | D:5      | Found a blossoming altar of Fedhas.
  3088 | D:5      | Received a gift from Yredelemnul
  3336 | D:5      | Found a staircase to the Ecumenical Temple.
  3426 | D:6      | Reached XP level 8. HP: 75/75 MP: 11/11
  3481 | D:6      | Found a burning altar of Makhleb.
  3491 | D:6      | Reached skill level 7 in Unarmed Combat
  3702 | D:6      | Found a radiant altar of Vehumet.
  3780 | D:6      | Found a glowing drain.
  3802 | Sewer    | Entered a sewer
  3929 | Sewer    | Found a white marble altar of Elyvilon.
  4069 | D:6      | Received a gift from Yredelemnul
  4096 | D:6      | Reached XP level 9. HP: 70/84 MP: 15/15
  4227 | D:7      | Reached skill level 8 in Unarmed Combat
  4314 | D:7      | Received a gift from Yredelemnul
  4485 | D:7      | Reached skill level 5 in Fighting
  4504 | D:7      | Acquired Yredelemnul's fifth power
  4525 | D:7      | Found a staircase to the Orcish Mines.
  4670 | D:8      | Received a gift from Yredelemnul
  4866 | D:8      | Found an iron altar of Okawaru.
  5318 | D:9      | Noticed Blork the orc
  5325 | D:9      | Killed Blork the orc
  5376 | D:9      | Noticed Prince Ribbit
  5386 | D:9      | Killed Prince Ribbit
  5386 | D:9      | Enslaved Prince Ribbit
  5444 | D:9      | Received a gift from Yredelemnul
  5487 | D:9      | Noticed Gastronok
  5495 | D:9      | Killed Gastronok
  5495 | D:9      | Reached skill level 9 in Unarmed Combat
  5495 | D:9      | Reached XP level 10. HP: 29/94 MP: 17/19
  5651 | D:9      | Gained mutation: Your body is slowly deteriorating. [mutagenic meat]
  5652 | D:9      | Gained mutation: You are robust (+10% HP). [mutagenic meat]
  5778 | D:9      | Received a gift from Yredelemnul
  5917 | D:9      | Found a radiant altar of Vehumet.
  6052 | D:10     | Entered Level 10 of the Dungeon
  6088 | D:10     | Noticed a hill giant
  6094 | D:10     | Killed a hill giant
  6115 | D:10     | Noticed a hill giant
  6123 | D:10     | Killed a hill giant
  6134 | D:10     | Reached skill level 10 in Invocations
  6135 | D:10     | Received a gift from Yredelemnul
  6201 | D:10     | Found a staircase to the Lair.
  6404 | D:10     | Received a gift from Yredelemnul
  6666 | D:10     | Received a gift from Yredelemnul
  7293 | D:11     | Identified a scroll of acquirement
  7354 | D:11     | Noticed Nergalle
  7368 | D:11     | Noticed a spectral orc warlord
  7370 | D:11     | Killed Nergalle
  7370 | D:11     | Enslaved Nergalle
  7370 | D:11     | Your ally Prince Ribbit died
  7378 | D:11     | Killed a spectral orc warlord
  7485 | D:11     | Noticed dsn's ghost (powerful LOFi)
  7494 | D:11     | Killed dsn's ghost
  7494 | D:11     | Reached skill level 10 in Unarmed Combat
  7494 | D:11     | Reached XP level 11. HP: 104/114 MP: 21/21
  7504 | D:11     | Noticed a hill giant
  7511 | D:11     | Killed a hill giant
  7856 | D:12     | Noticed Urug
  7866 | D:12     | Killed Urug
  8014 | D:12     | Received a gift from Yredelemnul
  8120 | D:12     | Noticed Psyche
  8123 | D:12     | Cast into the Abyss (Psyche)
  8244 | Abyss:1  | Reached skill level 11 in Invocations
  8288 | Abyss:1  | Noticed a wretched star
  8313 | Abyss:1  | Noticed a lich
  8338 | Abyss:1  | Noticed a tentacled starspawn
  8347 | Abyss:1  | Slain by a tentacled starspawn

Action                   |  1- 3 |  4- 6 |  7- 9 | 10-12 || total
-------------------------+-------+-------+-------+-------++-------
Melee: Unarmed           |   116 |   156 |   380 |   314 ||   966
Invok: Animate Remains   |     5 |     5 |       |       ||    10
       Animate Dead      |       |    12 |    29 |    20 ||    61
       Recall Undead Sla |       |       |     3 |     2 ||     5
       Enslave Soul      |       |       |     1 |     1 ||     2
Evoke: Wand              |       |       |       |     2 ||     2
  Use: Potion            |       |     3 |     5 |     5 ||    13
       Scroll            |       |     4 |     4 |    17 ||    25
 Stab: Distracted        |       |     2 |     4 |     6 ||    12
       Sleeping          |       |       |     2 |     1 ||     3
